 Dungeon Crawl Stone Soup version 0.17.1-3-g152610e (webtiles) character file.

36208 urm the Tortoise (level 13, -5/95 HPs)
             Began as a Minotaur Fighter on Feb 22, 2016.
             Was a High Priest of the Shining One.
             Slain by Agnes
             ... wielding a +3 antimagic lajatang
              (14 damage)
             ... on level 15 of the Dungeon.
             The game lasted 01:43:39 (19725 turns).

urm the Tortoise (Minotaur Fighter)                Turns: 19725, Time: 01:43:39

Health: -5/95      AC: 22    Str: 35    XL:     13   Next: 51%
Magic:  3/15       EV: 10    Int:  2    God:    the Shining One [*****.]
Gold:   320        SH: 15    Dex: 10    Spells: 2 memorised, 8 levels left

rFire  + + +     SeeInvis .     F - +3 spear (freeze)
rCold  + + .     Clarity  .     j - +6 ring mail of Infinity {+Fly rF+++ rC+ Int-3}
rNeg   + + .     SustAt   .     c - +0 shield
rPois  .         Gourm    +     H - +2 hat
rElec  .         Spirit   .     z - +1 cloak {MR+}
rCorr  .         Warding  .     Q - +0 pair of gloves of Noughts and Crosses {Str+9}
rMut   .         Stasis   .     n - +0 pair of boots
MR     ++...                    N - amulet of the gourmand
Stlth  ..........               O - ring of protection from cold
                                b - ring of protection from magic

@: exhausted, slowed, glowing, very slow, very resistant to hostile
enchantments, extremely unstealthy
A: retaliatory headbutt, horns 2
a: Divine Shield, Cleansing Flame, Summon Divine Warrior, Renounce Religion,
Evoke Flight


You were on level 15 of the Dungeon.
You worshipped the Shining One.
The Shining One was extremely pleased with you.
You were completely stuffed.

You visited 2 branches of the dungeon, and saw 16 of its levels.

You collected 909 gold pieces.
You spent 589 gold pieces at shops.

Inventory:

Hand Weapons
 w - a +2 glaive of flaming
 F - a +3 spear of freezing (weapon)
Missiles
 g - 179 arrows
 h - 559 stones (quivered)
Armour
 c - a +0 shield (worn)
 j - the +6 ring mail of Infinity (worn) {+Fly rF+++ rC+ Int-3}
   (You found it on level 13 of the Dungeon)

   It affects your intelligence (-3).
   It renders you almost immune to fire.
   It protects you from cold.
   It lets you fly.
 n - a +0 pair of boots (worn)
 u - a +0 mottled dragon armour
 z - a +1 cloak of magic resistance (worn)
 H - a +2 hat (worn)
 Q - the +0 pair of gloves of Noughts and Crosses (worn) {Str+9}
   (You found it on level 13 of the Dungeon)

   It affects your strength (+9).
 X - a +0 pair of boots
Jewellery
 b - a ring of protection from magic (left hand)
 v - an uncursed amulet of rage
 N - an amulet of the gourmand (around neck)
 O - a ring of protection from cold (right hand)
Wands
 m - a wand of frost (15)
Scrolls
 a - a scroll of recharging {unknown}
 i - a scroll of holy word {unknown}
 o - 2 scrolls of immolation {unknown}
 p - 3 scrolls of fog {unknown}
 y - a scroll of enchant armour
 A - 8 scrolls of identify
 B - 8 scrolls of amnesia
 C - 2 scrolls of blinking {unknown}
 D - 2 scrolls of enchant weapon {unknown}
 G - 2 scrolls of remove curse
 L - 2 scrolls of teleportation {unknown}
 P - 2 scrolls of magic mapping {unknown}
 R - a scroll of silence {unknown}
Potions
 d - a potion of lignification {unknown}
 l - a potion of mutation {unknown}
 q - a potion of magic {unknown}
 r - a potion of cancellation
 t - 3 potions of brilliance
 I - 2 potions of beneficial mutation {unknown}
 S - a potion of might
 T - a potion of invisibility
 U - 3 potions of haste
 Y - 2 potions of agility {unknown}
Books
 E - a book of Minor Magic

   Spells                             Type                      Level
   a - Magic Dart                     Conjuration                  1
   b - Blink                          Translocation                2
   c - Call Imp                       Summoning                    2
   d - Repel Missiles                 Charms/Air                   2
   e - Slow                           Hexes                        2
   f - Conjure Flame                  Conjuration/Fire             3
   g - Mephitic Cloud                 Conjuration/Poison/Air       3
 V - a Grand Grimoire

   Spells                             Type                      Level
   a - Monstrous Menagerie            Summoning                    6
   b - Summon Greater Demon           Summoning                    7
   c - Malign Gateway                 Summoning/Translocation      7
   d - Summon Horrible Things         Summoning                    8
   The Shining One disapproves of the use of such an item.
 W - a book of Conjurations

   Spells                             Type                      Level
   a - Magic Dart                     Conjuration                  1
   b - Searing Ray                    Conjuration                  2
   c - Dazzling Spray                 Conjuration/Hexes            3
   d - Fulminant Prism                Conjuration/Hexes            4
   e - Iskenderun's Mystic Blast      Conjuration                  4
   f - Iskenderun's Battlesphere      Conjuration/Charms           5
Miscellaneous
 x - a plain deck of changes
 Z - a plain deck of defence
Comestibles
 e - 20 bread rations
 k - 7 fruits
 s - 3 chunks of flesh
 J - 4 meat rations
 M - 4 royal jellies


   Skills:
 - Level 3.6 Fighting
 + Level 15.4 Polearms
 + Level 15.7 Armour
 - Level 14.9 Shields
 + Level 4.8 Invocations


You had 8 spell levels left.
You knew the following spells:

 Your Spells              Type           Power        Failure   Level  Hunger
a - Blink                 Tloc           N/A          94%         2    ###....
b - Slow                  Hex            #.......     94%         2    ###....


Dungeon Overview and Level Annotations

Branches:
Dungeon (15/15)            Temple (1/1) D:7            Lair (0/8) D:9
    Orc (0/4) D:12         Vaults (0/5) D:13
 Depths: D:15

Altars:
Ashenzari
Cheibriados
Dithmenos
Elyvilon
Fedhas
Gozag
Kikubaaqudgha
Makhleb
Nemelex Xobeh
Okawaru
Qazlal
Ru
Sif Muna
Trog
Vehumet
Xom
Yredelemnul
Zin
The Shining One

Shops:
D:6 !   D:8 [   D:13 =   D:14 [

Annotations:
D:15 Agnes


Innate Abilities, Weirdness & Mutations

You reflexively headbutt those who attack you in melee.
You have a pair of horns on your head.


Message History

Agnes barely misses you.
You are no longer berserk.
You are exhausted.
You feel yourself slow down. Agnes misses you. You block Agnes's attack.
As you read the scroll of fear, it crumbles to dust.
You assume a fearsome visage.
Agnes looks frightened!
Found 7 stones.
You start resting.
Eating one of 4 chunks of flesh.
This raw flesh tastes great.
You continue eating. x2
Agnes closely misses you. You furiously retaliate!
You headbutt Agnes.
Agnes hits you with an antimagic lajatang.
* * * LOW HITPOINT WARNING * * *
You feel your power leaking away.
Agnes asks, "Have you seen my kris anywhere?"
You block Agnes's attack.
Agnes hits you with an antimagic lajatang!
You die...

#.....####
#..)..#
#.....#
#.....#
#.....#
#.....#
#.....#
#.#+###
#.#@#
#i#i#
#.#.#
#.#.#
#...#
#####


You could see Agnes.

Vanquished Creatures
  4 vault guards (D:13)
  The ghost of Gargoyl the Fighter, a journeyman DsAK of Lugonu (D:11)
  A rakshasa (D:14)
  3 hydras
  3 centaur warriors (D:14)
  The ghost of nataq the Fighter, a novice DsFi of Cheibriados (D:10)
  2 tengu warriors (D:14)
  3 unseen horrors (D:13)
  A wolf spider zombie (D:14)
  Pikel (D:6)
  4 hill giants
  An ugly thing (D:13)
  3 manticores
  2 cyclopes
  A gargoyle (D:11)
  A kobold demonologist (D:14)
  4 trolls
  A yaktaur (D:14)
  A freezing wraith (D:14)
  Grinder (D:6)
  2 trapdoor spider zombies
  5 slime creatures (D:12)
  A two-headed ogre (D:9)
  8 yaks
  Sigmund (D:2)
  3 wraiths
  5 wyverns
  A spriggan (D:7)
  A steam dragon (D:7)
  Eustachio (D:6)
  2 hungry ghosts
  4 deep elf magi
  A mottled dragon (D:12)
  4 vampire mosquitoes (D:13)
  4 hippogriffs
  3 wargs
  Menkaure (D:6)
  Edmund (D:6)
  The ghost of Doomdreamer the Insei, an amateur TeMo (D:3)
  Duvessa (D:4)
  12 orc warriors
  5 ice beasts
  8 sky beasts
  2 necrophages
  4 black bears
  5 ogres
  3 phantoms
  3 boggarts (D:14)
  4 centaurs
  6 big kobolds
  A gnoll sergeant (D:11)
  5 giant frogs
  A wyvern skeleton (D:14)
  Dowan (D:4)
  4 scorpions
  15 killer bees
  16 wights
  A quasit (D:13)
  A centaur zombie (D:7)
  7 hounds
  6 centaur skeletons
  3 crimson imps
  2 giant frog zombies
  16 orc wizards
  Crazy Yiuf (D:2)
  11 orc priests
  5 jellies
  5 iguanas
  3 giant frog skeletons
  2 killer bee zombies
  3 sheep (D:12)
  7 worker ants
  A hound skeleton (D:11)
  Robin (D:2)
  15 gnolls
  12 adders
  A shadow imp (D:12)
  3 oozes
  A worm (D:2)
  2 adder skeletons (D:4)
  10 giant geckos
  54 orcs
  A ball python (D:3)
  11 bats
  2 giant cockroaches
  11 hobgoblins
  5 quokkas
  8 giant newts
  10 goblins
  13 jackals
  26 kobolds
  A quokka skeleton (D:8)
  12 rats
  A plant (D:6)
458 creatures vanquished.

Notes
Turn   | Place    | Note
--------------------------------------------------------------
     0 | D:1      | urm the Minotaur Fighter began the quest for the Orb.
     0 | D:1      | Reached XP level 1. HP: 19/19 MP: 0/0
   205 | D:1      | Reached XP level 2. HP: 21/26 MP: 1/1
   414 | D:1      | Reached skill level 4 in Armour
   784 | D:2      | Reached XP level 3. HP: 31/31 MP: 2/2
  1029 | D:2      | Noticed Sigmund
  1101 | D:2      | Killed Sigmund
  1101 | D:2      | Reached skill level 5 in Armour
  1101 | D:2      | Reached skill level 5 in Shields
  1101 | D:2      | Reached XP level 4. HP: 5/39 MP: 3/3
  1101 | D:2      | Reached XP level 5. HP: 5/45 MP: 4/4
  1405 | D:2      | Noticed Robin
  1439 | D:2      | Killed Robin
  1665 | D:2      | Found a faded altar to an unknown god.
  1851 | D:2      | Noticed Crazy Yiuf
  1856 | D:2      | Killed Crazy Yiuf
  1856 | D:2      | Reached skill level 5 in Polearms
  1856 | D:2      | Reached XP level 6. HP: 51/51 MP: 5/5
  2280 | D:3      | Found a shattered altar of Ashenzari.
  2299 | D:3      | Noticed Doomdreamer's ghost (amateur TeMo)
  2330 | D:3      | Killed Doomdreamer's ghost
  2330 | D:3      | Reached skill level 6 in Shields
  2898 | D:3      | Reached XP level 7. HP: 57/57 MP: 6/6
  4639 | D:4      | Noticed Dowan
  4646 | D:4      | Reached skill level 7 in Shields
  4664 | D:4      | Killed Dowan
  4680 | D:4      | Noticed Duvessa
  4702 | D:4      | Killed Duvessa
  5017 | D:4      | Reached XP level 8. HP: 62/64 MP: 7/7
  5171 | D:5      | Entered Level 5 of the Dungeon
  5215 | D:5      | Found a shadowy altar of Dithmenos.
  5644 | D:5      | Reached skill level 8 in Shields
  6315 | D:6      | Noticed Eustachio
  6336 | D:6      | Noticed Edmund
  6354 | D:6      | Killed Edmund
  6429 | D:6      | Noticed Menkaure
  6431 | D:6      | Killed Menkaure
  6603 | D:6      | Noticed Grinder
  6622 | D:6      | Killed Grinder
  6622 | D:6      | Reached skill level 9 in Shields
  6622 | D:6      | Reached XP level 9. HP: 66/70 MP: 8/8
  6772 | D:6      | Killed Eustachio
  6836 | D:6      | Noticed Pikel
  6871 | D:6      | Killed Pikel
  7381 | D:6      | Found Joij's Distillery.
  7391 | D:6      | Bought a potion of cancellation for 88 gold pieces
  7391 | D:6      | Bought a potion of might for 44 gold pieces
  7391 | D:6      | Bought a potion of invisibility for 88 gold pieces
  7391 | D:6      | Bought a potion of curing for 33 gold pieces
  7391 | D:6      | Bought a potion of poison for 11 gold pieces
  7696 | D:7      | Reached skill level 10 in Shields
  7840 | D:7      | Reached skill level 10 in Armour
  7914 | D:7      | Found a staircase to the Ecumenical Temple.
  7938 | D:7      | Reached skill level 10 in Polearms
  7946 | Temple   | Entered the Ecumenical Temple
  8089 | Temple   | Became a worshipper of the Shining One
  8460 | D:7      | Reached XP level 10. HP: 77/77 MP: 9/9
  8510 | D:7      | Found a sacrificial altar of Ru.
  8984 | D:8      | Reached * piety under the Shining One
  8990 | D:8      | Reached skill level 11 in Shields
  9092 | D:8      | Found Namalopp's Antique Armour Boutique.
 10445 | D:9      | Found a staircase to the Lair.
 10554 | D:9      | Reached ** piety under the Shining One
 10826 | D:9      | Reached skill level 12 in Shields
 11036 | D:10     | Entered Level 10 of the Dungeon
 11146 | D:10     | Noticed nataq's ghost (novice DsFi)
 11189 | D:10     | Killed nataq's ghost
 11189 | D:10     | Reached XP level 11. HP: 45/82 MP: 10/10
 11813 | D:10     | Noticed a hill giant
 11831 | D:10     | Killed a hill giant
 12533 | D:11     | Noticed a hill giant
 12549 | D:11     | Killed a hill giant
 12831 | D:11     | Learned a level 2 spell: Blink
 13133 | D:11     | Noticed Gargoyl's ghost (journeyman DsAK)
 13177 | D:11     | Killed Gargoyl's ghost
 13177 | D:11     | Reached skill level 13 in Shields
 13788 | D:12     | Noticed a four-headed hydra
 13836 | D:12     | Killed a four-headed hydra
 14103 | D:12     | Found a staircase to the Orcish Mines.
 14208 | D:12     | Learned a level 2 spell: Slow
 14262 | D:12     | Reached *** piety under the Shining One
 14305 | D:12     | Reached XP level 12. HP: 73/90 MP: 11/11
 14562 | D:12     | Noticed a hill giant
 14640 | D:12     | Killed a hill giant
 15175 | D:12     | Reached skill level 14 in Shields
 15743 | D:13     | Got a pair of encrusted gloves
 15749 | D:13     | Identified the +0 pair of gloves of Noughts and Crosses {Str+9} (You found it on level 13 of the Dungeon)
 15899 | D:13     | Found Sicex's Jewellery Shoppe.
 15908 | D:13     | Bought an uncursed ring of protection from magic for 325 gold pieces
 16045 | D:13     | Got a twisted ring mail
 16056 | D:13     | Identified the +6 ring mail of Infinity {+Fly rF+++ rC+ Int-3} (You found it on level 13 of the Dungeon)
 16159 | D:13     | Found a gate to the Vaults.
 16159 | D:13     | Noticed a vault guard
 16159 | D:13     | Noticed a vault guard
 16159 | D:13     | Noticed a vault guard
 16159 | D:13     | Noticed a vault guard
 16159 | D:13     | Reached **** piety under the Shining One
 16173 | D:13     | Killed a vault guard
 16180 | D:13     | Killed a vault guard
 16195 | D:13     | Killed a vault guard
 16202 | D:13     | Killed a vault guard
 17128 | D:13     | Reached skill level 15 in Armour
 17130 | D:13     | Reached skill level 1 in Invocations
 17132 | D:13     | Reached XP level 13. HP: 84/95 MP: 12/12
 17768 | D:14     | Reached skill level 15 in Polearms
 18256 | D:14     | Found Bicoloq's Antique Armour Shoppe.
 18600 | D:14     | Reached ***** piety under the Shining One
 19689 | D:15     | Entered Level 15 of the Dungeon
 19689 | D:15     | Noticed Agnes
 19704 | D:15     | HP: 6/142 [Agnes/antimagic lajatang (21)]
 19725 | D:15     | Slain by Agnes

Action                   |  1- 3 |  4- 6 |  7- 9 | 10-12 | 13-15 || total
-------------------------+-------+-------+-------+-------+-------++-------
Melee: Trident           |    94 |   163 |   559 |    87 |       ||   903
       Halberd           |       |       |     1 |       |       ||     1
       Spear             |       |       |       |   908 |    61 ||   969
       Glaive            |       |       |       |   107 |   136 ||   243
Throw: Stone             |     1 |       |    38 |    54 |    12 ||   105
Evoke: Wand              |       |       |     1 |       |       ||     1
  Use: Potion            |     3 |     1 |     2 |     8 |     2 ||    16
       Scroll            |       |     4 |     1 |     5 |     2 ||    12
  Eat: Chunk             |     1 |     5 |    22 |    41 |    17 ||    86
       Beef jerky        |       |       |     1 |       |       ||     1
       Meat ration       |       |       |       |     1 |       ||     1
